 Dungeon Crawl Stone Soup version 0.26-a0-591-g04f19ec95a (webtiles) character file.

Game seed: 13983688868546527771

196742 amanitamuscaria the Warrior (level 18, -4/137 HPs)
             Began as an Octopode Fighter on Aug 24, 2020.
             Was an Initiate of Gozag.
             Shot with an arrow by a deep elf archer (11 damage)
             ... on level 1 of the Elven Halls.
             The game lasted 01:12:08 (38191 turns).

amanitamuscaria the Warrior (Octopode Fighter)     Turns: 38191, Time: 01:12:09

Health: -4/137     AC:  6    Str: 18    XL:     18   Next: 38%
Magic:  28/28      EV: 29    Int: 23    God:    Gozag
Gold:   3035       SH: 19    Dex: 21    Spells: 20/30 levels left

rFire    + . .     SeeInvis .   E - +10 double sword of Hixaklothi {freeze, rF+}
rCold    . . .     Faith    .   b - +5 kite shield
rNeg     . . .     Spirit   .   O - +1 hat {MR+}
rPois    .         Reflect  .   K - amulet of the acrobat
rElec    .         Harm     .   h - ring of protection from fire
rCorr    +                      p - ring of the Mage {Wiz MR++ Int+3}
MR       ++++.                  n - ring of wizardry
Stlth    +++.......             J - +4 ring of protection
HPRegen  0.32/turn              C - +6 ring of intelligence
MPRegen  0.21/turn              G - ring of Dishonesty {rF- Dex+8 Slay+4}
                                H - +4 ring of evasion
                                q - ring of resist corrosion

@: gold aura, studying Necromancy
A: almost no armour, stealthy swim, amphibious, 8 rings, constrict 8, camouflage
1, gelatinous body 1
}: 1/15 runes: serpentine
a: Potion Petition, Call Merchant, Bribe Branch, Renounce Religion


You were on level 1 of the Elven Halls.
You worshipped Gozag.
Gozag was most pleased with you.
You visited 6 branches of the dungeon, and saw 29 of its levels.
You also visited: Sewer and Ossuary.

You collected 11616 gold pieces.
You spent 4493 gold pieces at shops.
You paid 4088 gold pieces to Gozag.

Inventory:

Hand Weapons
 E - the +10 double sword of Hixaklothi (weapon) {freeze, rF+}
   (You bought it in a shop on level 2 of the Orcish Mines)

   It has been specially enchanted to freeze those struck by it, causing extra
   injury to most foes and up to half again as much damage against particularly
   susceptible opponents.
   It can also slow down cold-blooded creatures.
   It protects you from fire.
Missiles
 t - 16 javelins (quivered)
 y - 10 silver boomerangs
Armour
 b - a +5 kite shield (worn)
 O - a +1 hat of magic resistance (worn)
Jewellery
 h - a ring of protection from fire (left tentacle)
 k - an uncursed ring of protection from cold
 l - an uncursed ring of flight
 n - a ring of wizardry (on tentacle)
 p - the ring of the Mage (right tentacle) {Wiz MR++ Int+3}
   (You bought it in a shop on level 1 of the Snake Pit)

   [ring of wizardry]

   It improves your spell success rate.
   It affects your intelligence (+3).
   It affects your resistance to hostile enchantments.
 q - a ring of resist corrosion (on tentacle)
 C - a +6 ring of intelligence (on tentacle)
 G - the ring of Dishonesty (on tentacle) {rF- Dex+8 Slay+4}
   (You found it in a sewer)

   [ring of slaying]

   It affects your dexterity (+8).
   It affects your accuracy and damage with ranged weapons and melee attacks
   (+4).
   It makes you vulnerable to fire.
 H - a +4 ring of evasion (on tentacle)
 J - a +4 ring of protection (on tentacle)
 K - an amulet of the acrobat (around mantle)
 L - an uncursed ring of poison resistance
Wands
 I - a wand of iceblast (22)
 M - a wand of digging (20)
 T - a wand of paralysis (23)
 W - a wand of disintegration (35)
Scrolls
 a - a scroll of fear
 g - 12 scrolls of identify
 i - 6 scrolls of blinking
 m - 2 scrolls of summoning
 o - 8 scrolls of teleportation
 u - 13 scrolls of remove curse
 Q - 4 scrolls of immolation
 R - 2 scrolls of magic mapping
 U - 3 scrolls of fog
 X - a scroll of holy word
 Z - a scroll of silence
Potions
 c - 5 potions of might
 e - 13 potions of curing
 f - 4 potions of stabbing
 j - 4 potions of heal wounds
 r - a potion of berserk rage
 s - 3 potions of resistance
 v - 2 potions of cancellation
 w - 7 potions of lignification
 x - 5 potions of ambrosia
 z - 11 potions of brilliance
 A - 3 potions of magic
 B - 5 potions of haste
 F - 3 potions of mutation
Books
 N - a manual of Necromancy
Miscellaneous
 S - a condenser vane (1/2)
 Y - a box of beasts (3/3)


   Skills:
 - Level 16.4 Fighting
 - Level 16.0 Long Blades
   Level 2.1 Maces & Flails
 - Level 13.4 Dodging
 - Level 15.0 Shields
 + Level 6.9 Spellcasting
 - Level 1.1 Conjurations
 - Level 7.8 Necromancy
 - Level 9.4 Earth Magic
 - Level 8.3 Evocations


You had 20 spell levels left.
You knew the following spells:

 Your Spells              Type           Power        Failure   Level
a - Swiftness             Air            #.......     3%          2
b - Dazzling Flash        Conj/Hex       ##....       5%          3
c - Borgnjor's Vile Clut  Necr/Erth      #####.....   1%          5

Your spell library contained the following spells:

 Spells                   Type           Power        Failure   Level
 Shock                    Conj/Air       ##..         1%          1
 Corpse Rot               Necr/Air       N/A          1%          2
 Corona                   Hex            #......      2%          1
 Ensorcelled Hibernation  Hex/Ice        #.....       3%          2
 Static Discharge         Conj/Air       ##......     5%          3
 Confusing Touch          Hex            #.......     7%          3
 Ignite Poison            Fire/Tmut/Pois #.......     7%          3
 Inner Flame              Hex/Fire       #.......     7%          3
 Tukima's Dance           Hex            #.......     7%          3
 Bolt of Magma            Conj/Fire/Erth ###.......   13%         5
 Sticky Flame             Conj/Fire      ##......     16%         4
 Airstrike                Air            #.........   21%         4
 Ice Form                 Ice/Tmut       #.......     21%         4
 Summon Lightning Spire   Summ/Air       #.......     21%         4
 Iskenderun's Battlesphe  Conj           ##......     32%         5
 Iron Shot                Conj/Erth      ####......   32%         6
 Fireball                 Conj/Fire      ##........   38%         5
 Lightning Bolt           Conj/Air       ##........   38%         5
 Metabolic Englaciation   Hex/Ice        #.........   45%         5
 Silence                  Hex/Air        #.........   45%         5
 Summon Forest            Summ/Tloc      #.........   45%         5
 Simulacrum               Ice/Necr       ####......   50%         6
 Conjure Ball Lightning   Conj/Air       ##........   89%         6
 Starburst                Conj/Fire      ##........   89%         6
 Freezing Cloud           Conj/Ice/Air   #.........   91%         6
 Ozocubu's Refrigeration  Ice            #.........   94%         6
 Orb of Destruction       Conj           ##........   100%        7
 Spellforged Servitor     Conj/Summ      ##........   100%        7
 Ignition                 Fire           #.........   100%        8
 Tornado                  Air            #.........   100%        9


Dungeon Overview and Level Annotations

Branches:
Dungeon (15/15)            Temple (1/1) D:5            Lair (6/6) D:10
 Shoals (0/4) Lair:4        Snake (4/4) Lair:3        Slime (0/5) Lair:6
    Orc (2/2) D:10            Elf (1/3) Orc:2        Vaults (0/5) D:13
 Depths (0/5) D:15          Sewer (visited)         Ossuary (visited)

Altars:
Ashenzari
Cheibriados
Dithmenos
Elyvilon
Fedhas
Gozag
Hepliaklqana
Kikubaaqudgha
Makhleb
Nemelex Xobeh
Okawaru
Qazlal
Sif Muna
Trog
Uskayaw
Vehumet
Wu Jian
Xom
Yredelemnul
Zin
The Shining One
Beogh

Shops:
D:9 ?   D:15 *(*:   Orc:2 (}*!(   Elf:1 (*[   Snake:1 =}*[   Snake:3 ![

Annotations:
D:7 3 runed translucent doors, Hores's ghost, novice GrEE
Lair:5 3 runed translucent doors, Cikygh's ghost, journeyman GrEE
Snake:2 2 transporters, Eleoss's ghost, journeyman DrFE
Orc:1 1 runed translucent door, deyja's ghost, journeyman GnWn


Innate Abilities, Weirdness & Mutations

You cannot wear most types of armour.
You are very stealthy in the water. (Stealth+)
You are amphibious.
You can wear up to eight rings at the same time.
You can use your tentacles to constrict eight enemies at once.
Your skin changes colour to match your surroundings (Stealth+).
Your rubbery body absorbs attacks. (AC +1, EV +1)


Message History

The deep elf knight is engulfed in blazing flames.
Unknown command.
You slash the deep elf knight! You freeze the deep elf knight.
The deep elf knight is no longer distracted by gold.
Your grab misses the deep elf knight. You squeeze the deep elf knight!
The deep elf knight is severely wounded.
You slice the deep elf knight!! You freeze the deep elf knight.
You kill the deep elf knight!
The deep elf archer is no longer distracted by gold.
The deep elf archer is engulfed in blazing flames.
You kill the deep elf archer!
The deep elf archer shoots an arrow.
You block the arrow.
You barely miss something.
You hear some strange, mumbled words.
A shard of ice appears from out of thin air!
The shard of ice hits you!!
* * * LOW HITPOINT WARNING * * *
The deep elf archer shoots an arrow.
The arrow hits you!
You die...
Your body crumbles into a pile of gold.

.. ###### .## .....##
#..... .. ......##
#..#.####.#### .......+
.§.§#.....e.# .......#
#§§§#§§§§...# .......#
#.#§#§{§§...#. .......#
#.#§§§@$8§....
.......####.#§#§§§§§§.#.
.....e.'.$$(#.#§§§§§§.#
......####.$($#§§§§§§.#
.....## ###..####.####
#...## #..... ... ##.##
#...## #### ### #####


You could see a deep elf archer (repels missiles).

Vanquished Creatures
  Vashnia (Snake:3)
  Nikola (Snake:4)
  Jorgrun (Orc:2)
  Frances (D:12)
  6 nagarajas
  Kirke (Snake:4)
  Aizul (Snake:2)
  The ghost of UristMcRaven the Thaumaturge, a journeyman GnEE of Cheibriados (D:13)
  Azrael (D:15)
  A dire elephant (Lair:6)
  The ghost of Vuppis the Protected, a journeyman DsVM of Ashenzari (Lair:4)
  2 deep elf death magi (Elf:1)
  4 ogre magi (Orc:2)
  A deep elf high priest (Elf:1)
  9 hydras
  15 naga warriors
  18 anacondas
  2 catoblepae
  3 centaur warriors
  14 two-headed ogres
  6 death yaks
  A deep troll shaman (Lair:6)
  14 naga sharpshooters
  10 shock serpents
  Sonja (D:10)
  5 deep elf knights (Elf:1)
  5 salamander mystics (Snake:4)
  A fire crab (Lair:6)
  2 unseen horrors
  Pikel (D:6)
  A wizard (D:13)
  5 deep elf archers (Elf:1)
  A lindwurm (shapeshifter) (D:15)
  3 naga ritualists
  4 lindwurms (Snake:4)
  A wolf spider (D:15)
  An orc sorcerer (Orc:1)
  A manticore (D:15)
  8 mana vipers
  5 salamanders
  A cyclops (D:14)
  12 ugly things
  3 oklob plants
  14 deep elf magi (Elf:1)
  17 elephants
  28 black mambas
  A merfolk siren (Lair:4)
  18 naga magi
  Maurice (D:13)
  13 cane toads
  8 guardian serpents (Snake:4)
  A gargoyle (D:13)
  8 komodo dragons
  A freezing wraith (D:15)
  2 rime drakes
  3 polar bears
  10 trolls
  3 merfolk (Lair:4)
  Prince Ribbit (D:5)
  A dream sheep (shapeshifter) (D:14)
  9 blink frogs
  5 slime creatures (D:15)
  7 hippogriffs
  A shadow (D:11)
  A water elemental (Elf:1)
  2 air elementals (Elf:1)
  11 humans (D:13)
  A vampire (D:14)
  2 basilisks
  5 wraiths
  28 yaks
  2 fire elementals (D:15)
  4 hogs (Snake:4)
  A wyvern (Lair:3)
  16 vampire mosquitoes
  4 wargs
  3 insubstantial wisps (Lair:5)
  An acid dragon (D:15)
  26 nagas
  2 soldier ants (D:14)
  2 hell hounds (D:15)
  16 water moccasins
  Duvessa (D:7)
  9 porcupines
  2 swamp drakes
  A black bear (Lair:2)
  16 orc warriors
  5 sky beasts
  2 ice beasts
  2 phantoms
  An eye of draining (D:14)
  33 ogres
  9 centaurs
  A crocodile (shapeshifter) (Elf:1)
  11 crocodiles
  4 wolves (Lair:6)
  Blork the orc (D:5)
  3 big kobolds
  18 bullfrogs
  Dowan (D:7)
  3 scorpions
  7 killer bees
  18 wights
  3 howler monkeys
  3 centaur zombies
  A bullfrog zombie (D:7)
  A quasit (D:15)
  18 orc priests
  5 centaur skeletons
  6 hounds
  2 gnoll shamans (D:7)
  4 jellies
  3 bullfrog skeletons
  21 orc wizards
  4 iguanas
  7 worker ants
  9 mummies
  20 gnolls
  18 adders
  A howler monkey skeleton (D:6)
  A shadow imp (D:8)
  4 white imps
  5 ufetubi
  2 oozes
  An adder skeleton (D:7)
  4 worms
  A dart slug (D:4)
  5 leopard geckos
  75 orcs
  2 ball pythons
  6 giant cockroaches
  4 gnoll zombies (Ossuary)
  8 goblins
  3 hobgoblins
  20 jackals
  5 quokkas
  2 bats
  3 frilled lizards
  A jackal skeleton (D:5)
  17 kobolds
  A kobold zombie (Ossuary)
  A leopard gecko skeleton (D:4)
  3 orc zombies (Ossuary)
  8 rats
911 creatures vanquished.

Vanquished Creatures (others)
  4 dancing weapons (Elf:1)
  A human (D:13)
  24 fungi
  22 plants
  4 toadstools (D:7)
55 creatures vanquished.

Grand Total: 966 creatures vanquished

Notes
Turn   | Place    | Note
-------+----------+-------------------------------------------
     0 | D:1      | amanitamuscaria the Octopode Fighter began the quest for
                  | the Orb.
     0 | D:1      | Reached XP level 1. HP: 16/16 MP: 1/1
   207 | D:1      | Reached XP level 2. HP: 21/21 MP: 2/2
   281 | D:1      | Reached skill level 1 in Maces & Flails
   818 | D:1      | Reached XP level 3. HP: 26/26 MP: 3/3
  1053 | D:2      | Found a hazy altar of Hepliaklqana.
  1128 | D:2      | Found a burning altar of Makhleb.
  1131 | D:2      | Found a bloodstained altar of Trog.
  1134 | D:2      | Found a shimmering altar of Xom.
  1754 | D:3      | Reached XP level 4. HP: 16/31 MP: 4/4
  2690 | D:4      | Reached XP level 5. HP: 8/36 MP: 5/5
  3285 | D:4      | Noticed an ogre
  3305 | D:4      | Killed an ogre
  3305 | D:4      | Reached skill level 5 in Shields
  3360 | D:4      | Reached XP level 6. HP: 36/42 MP: 6/6
  3815 | D:5      | Entered Level 5 of the Dungeon
  3815 | D:5      | Noticed Blork the orc
  3823 | D:5      | HP: 1/42 [Blork the orc/puff of frost (10)]
  3824 | D:5      | Killed Blork the orc
  3869 | D:5      | Found a hide-covered altar of Uskayaw.
  3882 | D:5      | Reached XP level 7. HP: 33/47 MP: 7/7
  3911 | D:5      | Found a sand-covered staircase.
  4031 | Ossuary  | Entered an ossuary
  4118 | Ossuary  | Reached skill level 5 in Fighting
  4421 | D:5      | Noticed a +0 dagger
  4421 | D:5      | Noticed a +0 dagger
  4454 | D:5      | Found a staircase to the Ecumenical Temple.
  4468 | Temple   | Entered the Ecumenical Temple
  4490 | Temple   | Became a worshipper of Gozag Ym Sagoz the Greedy
  4706 | D:5      | Reached XP level 8. HP: 58/58 MP: 8/8
  4811 | D:5      | Found a blossoming altar of Fedhas.
  4837 | D:5      | Noticed Prince Ribbit
  4853 | D:5      | Killed Prince Ribbit
  5321 | D:5      | Found a sparkling altar of Nemelex Xobeh.
  5987 | D:6      | Noticed Pikel
  6106 | D:6      | Reached skill level 5 in Long Blades
  6109 | D:6      | Killed Pikel
  6109 | D:6      | Reached XP level 9. HP: 23/66 MP: 9/9
  6149 | D:6      | Found a glowing drain.
  6160 | Sewer    | Entered a sewer
  6511 | Sewer    | Got a slimy wooden ring
  6553 | Sewer    | Identified the ring of Dishonesty {rF- Dex+8 Slay+4} (You
                  | found it in a sewer)
  6666 | D:6      | Reached skill level 5 in Dodging
  7237 | D:7      | Found a shadowy altar of Dithmenos.
  7238 | D:7      | Found an iron altar of Okawaru.
  7534 | D:7      | Found a runed translucent gate.
  7535 | D:7      | Found a runed translucent gate.
  7536 | D:7      | Found a runed translucent gate.
  7538 | D:7      | Noticed Hores's ghost (novice GrEE)
  7988 | D:7      | Reached XP level 10. HP: 61/72 MP: 10/10
  8065 | D:7      | Noticed Duvessa
  8074 | D:7      | Killed Duvessa
  8094 | D:7      | Noticed Dowan
  8099 | D:7      | Killed Dowan
  9689 | D:9      | Found Muocidar's Magic Scroll Shop.
  9696 | D:9      | Bought a scroll of brand weapon for 220 gold pieces
  9696 | D:9      | Bought a scroll of blinking for 82 gold pieces
  9696 | D:9      | Bought a scroll of magic mapping for 38 gold pieces
 10517 | D:10     | Entered Level 10 of the Dungeon
 10807 | D:10     | Found a staircase to the Orcish Mines.
 11007 | D:10     | Noticed an oklob plant
 11013 | D:10     | Found a staircase to the Lair.
 11015 | D:10     | Noticed a red ugly thing
 11024 | D:10     | Killed a red ugly thing
 11024 | D:10     | Reached skill level 10 in Long Blades
 11192 | D:10     | Killed an oklob plant
 11192 | D:10     | Reached XP level 11. HP: 41/77 MP: 11/11
 11598 | D:10     | Noticed Sonja
 11605 | D:10     | Killed Sonja
 12514 | D:11     | Noticed a six-headed hydra
 12724 | D:11     | Identified a scroll of acquirement
 12725 | D:11     | Acquired a manual of Fighting
 12838 | D:11     | Found a roughly hewn altar of Beogh.
 13603 | D:12     | Noticed Frances
 13618 | D:12     | Killed Frances
 13618 | D:12     | Reached skill level 10 in Fighting
 13907 | D:13     | Noticed Maurice
 13907 | D:13     | Noticed a seven-headed hydra
 13913 | D:12     | Learned a level 2 spell: Swiftness
 13917 | D:12     | Learned a level 3 spell: Dazzling Flash
 14001 | Orc:1    | Entered Level 1 of the Orcish Mines
 14017 | Orc:1    | Reached XP level 12. HP: 62/91 MP: 12/12
 14273 | Orc:1    | Found a runed translucent door.
 14288 | Orc:1    | Noticed deyja's ghost (journeyman GnWn)
 14508 | Orc:2    | Entered Level 2 of the Orcish Mines
 14562 | Orc:2    | Found Giget's Weapon Shoppe.
 14569 | Orc:2    | Bought the +10 double sword of Hixaklothi {freeze, rF+} for
                  | 910 gold pieces
 14599 | Orc:2    | Noticed a two-headed ogre
 14599 | Orc:2    | Noticed a two-headed ogre
 14599 | Orc:2    | Noticed an ogre mage
 14599 | Orc:2    | Noticed a two-headed ogre
 14600 | Orc:2    | Found Tyrot's General Store.
 14600 | Orc:2    | Noticed an ogre mage
 14600 | Orc:2    | Noticed a two-headed ogre
 14601 | Orc:2    | Noticed an ogre mage
 14609 | Orc:2    | Noticed a two-headed ogre
 14619 | Orc:2    | Killed a two-headed ogre
 14624 | Orc:2    | Killed a two-headed ogre
 14634 | Orc:2    | Noticed a two-headed ogre
 14638 | Orc:1    | Killed a two-headed ogre
 14944 | Orc:1    | Killed a two-headed ogre
 14945 | Orc:1    | Killed a two-headed ogre
 15145 | Orc:2    | Reached skill level 15 in Fighting
 15149 | Orc:2    | Killed a two-headed ogre
 15168 | Orc:2    | Killed an ogre mage
 15181 | Orc:2    | Noticed an ogre mage
 15183 | Orc:2    | Noticed a two-headed ogre
 15185 | Orc:2    | Noticed a two-headed ogre
 15368 | Orc:2    | Killed a two-headed ogre
 15372 | Orc:2    | Killed a two-headed ogre
 15375 | Orc:2    | Killed an ogre mage
 15382 | Orc:2    | Noticed a two-headed ogre
 15453 | Orc:2    | Noticed Jorgrun
 15454 | Orc:2    | Killed a two-headed ogre
 15454 | Orc:2    | Noticed a two-headed ogre
 15469 | Orc:2    | Killed a two-headed ogre
 15480 | Orc:2    | Killed Jorgrun
 15480 | Orc:2    | Reached XP level 13. HP: 73/107 MP: 13/13
 15582 | Orc:2    | Found Rizan's Antique Weapon Shop.
 15583 | Orc:2    | Found Cuvun's Gadget Boutique.
 15583 | Orc:2    | Found Wosur's Distillery.
 15666 | Orc:2    | Bought a potion of lignification for 48 gold pieces
 15666 | Orc:2    | Bought a potion of heal wounds for 80 gold pieces
 15666 | Orc:2    | Bought a potion of heal wounds for 80 gold pieces
 15667 | Orc:2    | Bought a condenser vane (2/2) for 240 gold pieces
 15922 | Orc:2    | Found a staircase to the Elven Halls.
 16526 | Orc:1    | You fall into a shaft and drop 1 floor!
 16812 | Lair:1   | Entered Level 1 of the Lair of Beasts
 18237 | Lair:2   | Reached skill level 15 in Long Blades
 18790 | Lair:2   | Found the +3 giant club "Skullcrusher" {speed, Str+7}
 18798 | Lair:2   | Reached XP level 14. HP: 43/113 MP: 14/14
 19794 | Lair:3   | Reached skill level 1 in Conjurations
 19807 | Lair:3   | Found a staircase to the Snake Pit.
 20108 | Lair:4   | Found a runed translucent door.
 20110 | Lair:4   | Noticed Vuppis's ghost (journeyman DsVM)
 20203 | Lair:4   | Killed Vuppis's ghost
 21202 | Lair:4   | Found a staircase to the Shoals.
 21620 | Lair:5   | Reached skill level 1 in Evocations
 22080 | Lair:5   | Found a runed translucent gate.
 22080 | Lair:5   | Found a runed translucent gate.
 22080 | Lair:5   | Found a runed translucent gate.
 22080 | Lair:5   | Noticed Cikygh's ghost (journeyman GrEE)
 22596 | Lair:6   | Entered Level 6 of the Lair of Beasts
 22615 | Lair:6   | Reached skill level 5 in Evocations
 23352 | Lair:6   | Reached skill level 10 in Shields
 23494 | Lair:6   | Reached XP level 15. HP: 84/118 MP: 15/15
 23780 | Lair:6   | Identified the Incunabulum of Torrid Weightlessness
 23888 | Lair:6   | Found a staircase to the Slime Pits.
 24001 | Lair:6   | Got a polished hunting sling
 24002 | Lair:6   | Identified the +4 hunting sling "Qemaun" {freeze, Dex+4}
                  | (You found it on level 6 of the Lair of Beasts)
 24458 | D:13     | Killed Maurice
 25336 | D:13     | Found a gate to the Vaults.
 25676 | D:13     | Found a runed translucent gate.
 25677 | D:13     | Found a runed translucent gate.
 25678 | D:13     | Found a runed translucent gate.
 25678 | D:13     | Identified the +10 mace "Octopus's Peril" {antimagic, rPois
                  | MP+9 Dex+3}
 25679 | D:13     | Noticed UristMcRaven's ghost (journeyman GnEE)
 25684 | D:13     | Found a roughly hewn altar of Beogh.
 25685 | D:13     | Found the +0 pair of fencer's gloves {Riposte Dex+3}
 25725 | D:13     | Killed UristMcRaven's ghost
 26136 | D:13     | Acquired a manual of Necromancy
 27479 | D:15     | Entered Level 15 of the Dungeon
 27910 | D:15     | Reached XP level 16. HP: 97/125 MP: 16/16
 28023 | D:15     | Found a staircase to the Depths.
 28273 | D:15     | Found a glowing golden altar of the Shining One.
 28321 | D:15     | Noticed Azrael
 28332 | D:15     | Killed Azrael
 28334 | D:15     | Reached skill level 15 in Shields
 28538 | D:15     | Bought a papyrus book for 690 gold pieces
 28542 | D:15     | Bought Neurogha's Guide on Slavery and Earth for 1040 gold
                  | pieces
 28548 | D:15     | Learned a level 5 spell: Borgnjor's Vile Clutch
 28782 | Snake:1  | Entered Level 1 of the Snake Pit
 28783 | Snake:1  | Found Amut's Assorted Antiques.
 29640 | Snake:1  | Found a glowing silver altar of Zin.
 29698 | Snake:1  | Found Wuurum's Antique Armour Shop.
 29732 | Snake:1  | Found Tuohot's Gadget Shop.
 29817 | Snake:1  | Found Zeshrune's Jewellery Emporium.
 29840 | Snake:1  | Bought the ring of the Mage {Wiz MR++ Int+3} for 775 gold
                  | pieces
 29840 | Snake:1  | Found the ring of the Mage {Wiz MR++ Int+3}
 30351 | Snake:2  | Reached skill level 1 in Necromancy
 30596 | Snake:2  | Reached skill level 5 in Necromancy
 30701 | Snake:2  | Noticed a nagaraja
 30734 | Snake:2  | Killed a nagaraja
 30868 | Snake:2  | Noticed Aizul
 30880 | Snake:2  | Killed Aizul
 30883 | Snake:2  | Acquired a +1 hat of magic resistance
 31363 | Snake:2  | Noticed Eleoss's ghost (journeyman DrFE)
 31379 | Snake:2  | Found a transporter.
 31382 | Snake:2  | Found a transporter.
 31499 | Snake:2  | Reached skill level 1 in Spellcasting
 31571 | Snake:3  | Found Makhiwiy's Distillery.
 31576 | Snake:3  | Found Votrov's Antique Armour Boutique.
 31579 | Snake:3  | Bought a potion of heal wounds for 60 gold pieces
 31614 | Snake:3  | Noticed Vashnia
 31650 | Snake:3  | Killed Vashnia
 32045 | Snake:3  | Reached skill level 5 in Spellcasting
 32968 | Snake:3  | Reached XP level 17. HP: 130/130 MP: 25/27
 33221 | Snake:4  | Entered Level 4 of the Snake Pit
 33241 | Snake:4  | Reached skill level 1 in Earth Magic
 33337 | Snake:4  | HP: 2/130 [naga sharpshooter/arrow (11)]
 34433 | Snake:4  | Reached skill level 5 in Earth Magic
 34451 | Snake:4  | Noticed Kirke
 34459 | Snake:4  | Killed Kirke
 34724 | Snake:4  | Reached skill level 10 in Dodging
 34874 | Snake:4  | Noticed Nikola
 35224 | Snake:4  | Killed Nikola
 36035 | Snake:4  | Reached XP level 18. HP: 92/137 MP: 28/28
 36334 | Snake:4  | Got a serpentine rune of Zot
 36711 | Elf:1    | Entered Level 1 of the Elven Halls
 36957 | D:15     | Bought a coiled ruby amulet for 230 gold pieces
 36957 | D:15     | Identified the amulet "Lemnoomuji" {Faith rC- rN+ Dex+3}
                  | (You bought it in a shop on level 15 of the Dungeon)
 37377 | Elf:1    | Found Ciadug's Antique Armour Emporium.
 37377 | Elf:1    | Found Butiddyu's General Store.
 37942 | Elf:1    | Found Yceiplon's Weapon Emporium.
 38191 | Elf:1    | Shot with an arrow by a deep elf archer

Illustrated notes

Levels and vault maps discovered:
D:1:      lightli_arrival_lavapool, layout_basic, st_stairs_4
D:2:      layout_rooms, old_standard_altar, grunt_temple_overflow_diamond,
          chequers_big_river
D:3:      layout_basic
D:4:      minmay_chambers_of_twos, layout_gridville, minmay_misc_feat_roman
D:5:      layout_loops_ring, nicolae_overflow_crystal_walls,
          dancing_weapons_uskayaw, kennysheep_mini, minmay_temple_entry_trees,
          gup_ossuary_entry_pyramid, grunt_ministairs_7, uniq_prince_ribbit1,
          uniq_blork_the_orc
D:6:      layout_basic, portal_sewer_entry_d, uniq_pikel
D:7:      layout_loops_corners, nicolae_overflow_hidden_temple,
          gammafunk_ghost_necromancy, minmay_gold_behind_fungi, uniq_duvessa
D:8:      layout_cave_pools, serial_column_ruins, column_ruins_corridor_plus,
          column_ruins_corridor_corner, column_ruins_open_medium,
          column_ruins_grid_1, column_ruins_grid_1, column_ruins_corridor_corner
D:9:      layout_layer_cave, serial_shops, nicolae_shop_stone
D:10:     layout_basic, dpeg_oklobed_lair, erik_orc_1, uniq_sonja
D:11:     layout_irregular_city, david_defended_altar_orc
D:12:     layout_rooms, uniq_frances
D:13:     layout_irregular_city, ximxim_vaults_locker_room,
          biasface_ghost_orc_armoury, uniq_maurice
D:14:     layout_loops_ring, serial_bayou_pond_a
D:15:     hangedman_depths_entry_try_elsewhere_first, layout_small_grid,
          minmay_misc_feat_room, tso_altar, uniq_azrael
Temple:   minmay_temple_bridge_abc
Lair:1:   layout_cave_pods, minmay_lair_oklob_chamber
Lair:2:   layout_loops_ring, nzn_random_ring
Lair:3:   layout_cellular_growth, guppyfry_snake_entry_island,
          infiniplex_staircase_pool, serial_bayou_shore_b
Lair:4:   layout_roguey, elwin_shoals_entry_stream,
          hellmonk_ghost_happy_afterlife, grunt_megastairs_1
Lair:5:   layout_regular_city, ebering_ghost_rock_garden, pond
Lair:6:   grunt_lair_end_beastmaster, layout_misc_corridors,
          dpeg_slime_entry_corner
Snake:1:  layout_onion, serial_shops, shop, shop, shop, shop, basic_altar,
          nicolae_snake_linked_coils
Snake:2:  layout_misc_corridors, gammafunk_ghost_arena, uniq_aizul
Snake:3:  layout_chambers, hangedman_snake_pattern, serial_bayou_shore_b,
          minmay_shop_star, lemuel_fruit_tree, uniq_vashnia
Snake:4:  snake_pit_salamanders_mu, layout_rooms, uniq_nikola, uniq_kirke
Orc:1:    layout_caves, ebering_ghost_reflecting_pool
Orc:2:    st_orc_ogre_mass, layout_caves, serial_shops, shop_statue,
          uniq_jorgrun
Elf:1:    layout_gridlike, serial_shops, shop_fountains, minivault_28,
          minivault_27, moated_statue, minmay_shoptagon

Skill      XL: |  1  2  3  4  5  6  7  8  9 10 11 12 13 14 15 16 17 18 |
---------------+-------------------------------------------------------+-----
Maces & Flails | 2 |  2.1
Shields        | 4 5 6 8 10 14 15 | 15.0
Fighting       | 6 7 12 16 | 16.4
Long Blades    | 7 10 12 15 16 | 16.0
Dodging        | 7 9 12 13 | 13.4
Conjurations   | 1 |  1.1
Evocations     | 8 |  8.3
Necromancy     | 7 |  7.8
Spellcasting   | 6 |  6.9
Earth Magic    | 7 9 |  9.4

Action                   |  1- 3 |  4- 6 |  7- 9 | 10-12 | 13-15 | 16-18 || total
-------------------------+-------+-------+-------+-------+-------+-------++-------
Melee: Long sword        |     9 |       |    93 |    11 |       |       ||   113
       Whip              |    50 |    67 |   192 |    58 |       |       ||   367
       Constrict         |    15 |    23 |    93 |    75 |    93 |    64 ||   363
       Tentacles         |    10 |    18 |    88 |    95 |   224 |   213 ||   648
       Scimitar          |       |       |       |   231 |       |       ||   231
       Double sword      |       |       |       |    56 |   672 |   639 ||  1367
Throw: Dart              |       |    11 |    13 |    12 |       |       ||    36
       Boomerang         |       |       |     2 |     6 |     7 |    12 ||    27
       Javelin           |       |       |       |       |     2 |     2 ||     4
 Cast: Borgnjor's Vile C |       |       |       |       |       |     9 ||     9
Invok: Potion Petition   |       |       |       |       |     1 |       ||     1
       Call Merchant     |       |       |       |       |       |     4 ||     4
Evoke: Wand              |       |       |       |     3 |     8 |     1 ||    12
       Condenser vane    |       |       |       |       |     1 |     3 ||     4
  Use: Scroll            |       |     5 |    12 |    19 |     9 |     5 ||    50
       Potion            |       |     5 |     1 |     2 |     3 |     5 ||    16
 Stab: Sleeping          |     7 |     3 |     5 |    12 |    29 |    11 ||    67
       Distracted        |       |       |     1 |     3 |     7 |     8 ||    19
       Invisible         |       |       |       |     3 |       |       ||     3
       Petrifying        |       |       |       |       |     2 |       ||     2
       Petrified         |       |       |       |       |     1 |       ||     1
Armor: Skin              |     4 |     1 |     5 |    10 |    28 |    10 ||    58
Dodge: Dodged            |    20 |    39 |   126 |   177 |   255 |   334 ||   951
Block: Kite shield       |    25 |    37 |   106 |   237 |   377 |   460 ||  1242
       Rpst.: Long sword |       |       |    19 |     2 |       |       ||    21
       Scimitar          |       |       |       |    17 |       |       ||    17
       Double sword      |       |       |       |     8 |    49 |    53 ||   110

Table legend: (Time is in decaauts)
 A = Elapsed time spent in this place.
 B = Non-inter-level travel time spent in this place.
 C = Inter-level travel time spent in this place.
 D = Time resting spent in this place.
 E = Time spent auto-exploring this place.
 F = Levels seen in this place.
 G = Mean time per level.
                   A        B        C        D        E       F      G
               +--------+--------+--------+--------+--------+-----+--------+
         Total |  37906 |  35460 |   2446 |   5761 |  23584 |  31 | 1222.8 |
       Dungeon |  18154 |  16642 |   1512 |   1812 |  11866 |  15 | 1210.3 |
        Temple |     43 |     43 |      0 |      0 |     11 |   1 |   43.0 |
          Lair |   7561 |   7091 |    470 |    862 |   5304 |   6 | 1260.2 |
     Snake Pit |   7574 |   7289 |    285 |   2106 |   3929 |   4 | 1893.5 |
  Orcish Mines |   2715 |   2567 |    148 |    723 |   1305 |   2 | 1357.5 |
   Elven Halls |   1106 |   1075 |     31 |    100 |    798 |   1 | 1106.0 |
         Sewer |    395 |    395 |      0 |    158 |    173 |   1 |  395.0 |
       Ossuary |    356 |    356 |      0 |      0 |    198 |   1 |  356.0 |
               +--------+--------+--------+--------+--------+-----+--------+

Top non-repeatable levels by time:
 Snake:4: 2732 daAuts
    D:10: 2154 daAuts
 Snake:3: 1905 daAuts
    D:13: 1755 daAuts
     D:5: 1693 daAuts
 Snake:1: 1573 daAuts
  Lair:2: 1570 daAuts
  Lair:6: 1549 daAuts
  Lair:4: 1537 daAuts
    D:14: 1508 daAuts
     D:7: 1488 daAuts
    D:11: 1481 daAuts
   Orc:1: 1376 daAuts
 Snake:2: 1362 daAuts
   Orc:2: 1338 daAuts
